 Dungeon Crawl Stone Soup version 0.32-a0-120-gfac0567ad4 (webtiles) character file.

Game seed: 9089842422059615592

94731 zenocrate the Warrior (level 15, -2/141 (145) HPs)
             Began as a Pale Draconian Delver on Feb 7, 2024.
             Was the Champion of Ru.
             Killed from afar by a will-o-the-wisp (25 damage)
             ... with a foxfire
             ... on level 1 of the Swamp.
             The game lasted 00:51:43 (27495 turns).

zenocrate the Warrior (Pale Draconian Delver)      Turns: 27495, Time: 00:51:43

HP:   -2/141 (145)  AC: 13    Str: 11    XL:     15   Next: 64%
MP:   15/15         EV: 18    Int: 11    God:    Ru [******]
Gold: 1706          SH: 12    Dex: 19    Spells: 9/14 levels left

rFire   . .          .
                       - Unarmed
rCold   . . .        e - +0 kite shield
rNeg    + . .        (body armour unavailable)
rPois   .            (helmet restricted)
rElec   .            C - +0 cloak
rCorr   .            u - +0 pair of gloves of Contentment {rN+ Will+}
SInv    .            o - +2 pair of boots
Will    ++...        f - amulet of regeneration
Stlth   +++          x - +4 ring of slaying
HPRegen 1.23/turn    t - +4 ring of protection
MPRegen 0.14/turn

%: no passive effects
@: on berserk cooldown, lightly drained
A: breathe steam, AC +9, unfitting armour, weak 2, cold-blooded, inability to
use devices, hated by all, no air magic, no conjurations magic, no alchemy
magic, reduced AC 1, steam resistance
a: Breathe Steam, Renounce Religion, Draw Out Power, Power Leap, Apocalypse


You were on level 1 of the Swamp.
You worshipped Ru.
Ru was exalted by your worship.
You visited 6 branches of the dungeon, and saw 24 of its levels.
You also visited: Bailey and Gauntlet.

You collected 2339 gold pieces.
You spent 633 gold pieces at shops.

Inventory:

Missiles
 c - 14 poisoned darts (quivered)
 k - 11 boomerangs
 y - 4 silver javelins
 I - 10 javelins
 N - a curare-tipped dart
Armour
 e - a +0 kite shield (worn)
 o - a +2 pair of boots (worn)
 u - the +0 pair of gloves of Contentment (worn) {rN+ Will+}
   (You bought it in a shop on level 9 of the Dungeon)

   rN+:       It protects you from negative energy.
   Will+:     It increases your willpower.
 C - a +0 cloak (worn)
Jewellery
 b - the amulet "Gujudeyf" {Faith rPois SInv}
   (You found it in a Gauntlet)

   [amulet of faith]

   Faith:     It allows you to gain divine favour quickly.
   rPois:     It protects you from poison SInv: It lets you see invisible.
 f - an amulet of regeneration (around neck)
 n - the amulet "Oliz" {Reflect +Blink rF- rN+ Str+5 SH+5}
   (You found it in a Gauntlet)

   [amulet of reflection]

   Reflect:   It reflects blocked missile attacks.
   Str+5:     It affects your strength (+5).
   rF-:       It makes you vulnerable to fire.
   rN+:       It protects you from negative energy.
   +Blink:    It lets you blink.
   SH+5:      It affects your SH (+5).
 s - a ring of protection from cold
 t - a +4 ring of protection (right hand)
 x - a +4 ring of slaying (left hand)
 D - a ring of flight
 L - a ring of protection from fire
 P - a ring of ice
Talismans
 M - a blade talisman
Scrolls
 a - 5 scrolls of fog
 d - 4 scrolls of vulnerability
 l - a scroll of revelation
 m - a scroll of silence
 p - 2 scrolls of blinking
 q - a scroll of immolation
 r - 2 scrolls of torment
 v - 2 scrolls of poison
 B - 2 scrolls of enchant weapon
 F - a scroll of amnesia
 O - a scroll of enchant armour {unknown}
Potions
 g - a potion of berserk rage
 h - 2 potions of might
 i - 2 potions of cancellation
 j - 2 potions of resistance
 w - a potion of attraction
 z - 2 potions of ambrosia
 A - 4 potions of curing
 E - 2 potions of lignification
 G - 4 potions of enlightenment
 H - 2 potions of heal wounds
 J - a potion of brilliance
 K - 2 potions of magic
 Q - 3 potions of haste


   Skills:
 - Level 16.5 Fighting
 - Level 6.1 Throwing
 - Level 11.1 Dodging
 - Level 4.8 Stealth
 - Level 9.7 Shields
 - Level 14.6 Unarmed Combat
 - Level 6.1 Necromancy
 - Level 2.4 Translocations
 + Level 4.7 Shapeshifting


You had 9 spell levels left.
You knew the following spells:

 Your Spells              Type           Power      Damage    Failure   Level
a - Fugue of the Fallen   Necr           13%        N/A       24%         3
x - Blink                 Tloc           10%        N/A       50%         2

Your spell library contained the following spells:

 Spells                   Type           Power      Damage    Failure   Level
 Dispel Undead            Necr           13%        3d9       63%         4
 Ensorcelled Hibernation  Hex/Ice        0%         N/A       83%         2
 Passwall                 Erth           0%         N/A       96%         3
 Anguish                  Hex/Necr       3%         N/A       96%         4
 Ignition                 Fire           0%         3d3       100%        8
 Shatter                  Erth           0%         3d5*      100%        9
 Cigotuvi's Dreadful Rot  Necr/Alch/Air  Unusable   N/A       N/A         2
 Magic Dart               Conj           Unusable   1d3       N/A         1
 Shock                    Conj/Air       Unusable   1d3       N/A         1
 Sting                    Conj/Alch      Unusable   1d3       N/A         1
 Call Imp                 Summ           Unusable   N/A       N/A         2
 Mercury Vapours          Alch/Air       Unusable   N/A       N/A         2
 Swiftness                Air            Unusable   N/A       N/A         3
 Martyr's Knell           Necr/Summ      Unusable   N/A       N/A         4
 Airstrike                Air            Unusable   2d(0-16)  N/A         4
 Ignite Poison            Fire/Alch      Unusable   N/A       N/A         4
 Leda's Liquefaction      Alch/Erth      Unusable   N/A       N/A         4
 Olgreb's Toxic Radiance  Alch           Unusable   N/A       N/A         4
 Sticky Flame             Fire/Alch      Unusable   2d4       N/A         4
 Alistair's Intoxication  Alch           Unusable   N/A       N/A         5
 Death Channel            Necr           Unusable   N/A       N/A         6
 Chain Lightning          Conj/Air       Unusable   N/A       N/A         9
 Fire Storm               Conj/Fire      Unusable   5d1       N/A         9

Dungeon Overview and Level Annotations

Branches:
Dungeon (13/15)            Temple (1/1) D:5            Lair (5/5) D:9
  Swamp (1/4) Lair:2       Spider (2/4) Lair:3        Slime (0/5) Lair:5
    Orc (2/2) D:12            Elf (0/3) Orc:2        Bailey (visited)
Gauntlet (visited)
 Vaults: D:13-14

Altars:
Ashenzari
Cheibriados
Dithmenos
Elyvilon
Gozag
Kikubaaqudgha
Makhleb
Nemelex Xobeh
Okawaru
Qazlal
Ru
Sif Muna
Trog
Uskayaw
Vehumet
Wu Jian
Xom
Zin
The Shining One

Shops:
D:9 [((   Orc:2 *:([

Portals:
Trove: D:13 (give horn of Geryon)

Annotations:
D:7 2 transporters, IdlyInterested's ghost, novice DsFi
D:13 3 runed translucent doors, Gawasace's ghost, journeyman FoFi
Lair:5 1 runed translucent door
Spider:2 Donald; Frances


Innate Abilities, Weirdness & Mutations

You can breathe blasts of scalding, opaque steam.
Your pale cyan-grey scales are hard. (AC +9)
You cannot fit into any form of body armour.
You are very weak. (Str -4)
You are cold-blooded and may be slowed by cold attacks.
You cannot study or use magical devices.
You are hated by all.
You cannot study or cast Air magic.
You cannot study or cast Conjurations magic.
You cannot study or cast Alchemy magic.
You take slightly more damage. (AC -5)
You are immune to the effects of steam.


Message History

You are exhausted.
You feel yourself slow down.
You feel sick.
You feel very sick.
You feel very sick.
You feel sick.
You feel sick.
You feel sick.
You have got your breath back.
You feel sick.
You are no longer poisoned.
A will-o-the-wisp comes into view.
A will-o-the-wisp is nearby!
A will-o-the-wisp is nearby!
A will-o-the-wisp is nearby!
A will-o-the-wisp is nearby!
A will-o-the-wisp is nearby!
A will-o-the-wisp is nearby!
The will-o-the-wisp gives a chilling moan.
You enter the shallow water.
Moving in this stuff is going to be slow.
The will-o-the-wisp gestures.
The will-o-the-wisp conjures some marshlight! 2 foxfires come into view.
Unknown command.
The foxfire hits you!!
* * * LOW HITPOINT WARNING * * *
The foxfire hits you!
* * * LOW HITPOINT WARNING * * *
The will-o-the-wisp gestures.
The will-o-the-wisp conjures some marshlight!
The will-o-the-wisp gestures.
The will-o-the-wisp conjures some marshlight! 4 foxfires come into view.
Unknown command.
You punch the will-o-the-wisp! You tail-slap the will-o-the-wisp.
The will-o-the-wisp is heavily damaged.
You feel yourself speed up. The foxfire hits you!!
You die...
Ru respects your ultimate sacrifice.

~~~~~~...♣♣♣♣.~♣ ♣~.....♣♣♣♣ ♣~♣♣
.~~~~~~~.♣♣♣...♣ ♣♣........♣♣~~~♣
~~§~~~~~.~....♣♣ ♣.~.....~~.....♣
~~....~~....~.♣♣ ♣...>~~~~~~$.♣♣♣
~~~~~~♣....~~..♣♣♣~~.~~~~~~~...♣
~~~~~.♣~........~....~~§§~~~~♣♣♣
~~~.....~~~...~~.~.~..~~~.~♣♣♣
...~~...~~~~.~~~~vv~~.~~....♣
.~~~.~~~~~~~>...@v§~~~~~...♣♣
.~~~.~~~~~~~..♣~vv~~.~~~....♣♣♣~~
~~~~~~~~~~..♣♣♣♣♣...~..~...~.....
~~~~~~~~....~..~♣♣.†..~....♣..~♣♣
~~...~~~~~~...~.♣~.......~§.~.♣♣
~~...~§~~~~.♣♣...♣♣♣....~~~.♣...
.......<....~.~§.>♣♣.~~~~~~....~~
..............~~~~...~~~~~..~~§~~
..~~~..~........§~~~~~~~~..~§~~~~


You could see a will-o-the-wisp.

Vanquished Creatures
  Nikola (Spider:1)
  Rupert (Lair:3)
  A thorn hunter (Swamp:1)
  An orc warlord (Orc:2)
  A broodmother (Spider:1)
  Nessos (Lair:3)
  An eleionoma (Lair:2)
  A minotaur (Gauntlet)
  A fire dragon (Lair:5)
  A shambling mangrove (Swamp:1)
  Josephine (Orc:2)
  A hydra (Lair:5)
  Fannar (Lair:2)
  2 catoblepae
  8 two-headed ogres
  A centaur warrior (D:13)
  A death knight (D:13)
  4 boulder beetles
  7 death yaks
  An occultist (Gauntlet)
  4 orc high priests (Orc:2)
  Nergalle (Lair:3)
  2 pharaoh ants (Spider:1)
  A skyshark (Lair:3)
  6 skeletal warriors (D:13)
  A goliath frog (Swamp:1)
  An orb spider (Spider:1)
  2 bog bodies (Swamp:1)
  3 swamp dragons (Swamp:1)
  A lindwurm (Lair:5)
  3 orc knights
  Pikel (D:7)
  A phantasmal warrior (D:13)
  3 wolf spiders
  An oklob plant (Gauntlet)
  2 cyclopes
  A will-o-the-wisp (Swamp:1)
  3 orc sorcerers
  Maurice (D:7)
  3 elephants (Lair:1)
  2 ugly things (D:13)
  A moth of wrath (Spider:2)
  3 kobold blastminers (Orc:2)
  A meliai (Lair:3)
  Joseph (D:8)
  7 black mambas
  2 molten gargoyles (Lair:5)
  An unseen horror (D:12)
  7 cane toads
  Maggie (D:10)
  3 rime drakes
  10 komodo dragons
  A freezing wraith (D:13)
  Psyche (D:8)
  6 trolls
  2 tyrant leeches (Swamp:1)
  3 polar bears
  18 blink frogs
  11 tarantellas
  Prince Ribbit (D:7)
  3 hornets
  7 dream sheep (Lair:2)
  Grinder (D:6)
  2 spriggans (Bailey)
  Sigmund (D:3)
  5 culicivoras
  A shadow (D:11)
  3 wyverns
  Grum (D:8)
  83 yaks
  7 wraiths
  8 redbacks
  7 basilisks
  A warg (Orc:2)
  4 vampire mosquitoes (D:13)
  2 steam dragons
  Menkaure (D:5)
  A swamp worm (Swamp:1)
  3 acid dragons
  14 water moccasins
  3 hell hounds (Lair:5)
  3 black bears
  20 orc warriors
  2 sky beasts
  2 ice beasts (D:6)
  10 ogres
  23 wolves
  10 centaurs
  2 phantoms (D:5)
  2 lemures (D:7)
  A kobold brigand (D:8)
  Blork the orc (D:5)
  9 bullfrogs
  3 gnoll sergeants
  2 scorpions (D:4)
  13 wights
  4 killer bees (Lair:3)
  4 howler monkeys
  A bombardier beetle (D:7)
  5 lava snakes (Lair:5)
  3 hounds
  2 jellies
  12 orc priests
  5 iguanas
  16 orc wizards
  6 hell rats (Lair:4)
  Ijyb (D:3)
  Robin (D:2)
  11 gnolls
  12 adders
  3 shadow imps (Gauntlet)
  3 white imps
  2 ufetubi (D:7)
  A ribbon worm (D:2)
  3 dart slugs
  58 orcs
  11 bats
  11 endoplasms
  5 giant cockroaches
  13 goblins
  8 hobgoblins
  5 quokkas
  8 ball pythons
  4 frilled lizards
  12 kobolds
  3 rats
654 creatures vanquished.

Vanquished Creatures (others)
  A spark wasp (Spider:1)
  A two-headed ogre (D:12)
  A boulder beetle (Lair:3)
  A demonic crawler (Spider:1)
  2 arcanists
  A torpor snail (Spider:1)
  A bloated husk (Swamp:1)
  A culicivora (Spider:1)
  A wyvern (Lair:1)
  A swamp worm (Swamp:1)
  2 orc wizards
  A kobold (D:8)
  6 foxfires (Swamp:1)
20 creatures vanquished.

Grand Total: 674 creatures vanquished

Notes
Turn   | Place    | Note
-------+----------+-------------------------------------------
     0 | D:5      | zenocrate the Draconian Delver began the quest for the Orb.
     0 | D:5      | Reached XP level 1. HP: 19/19 MP: 1/1
     2 | D:5      | Noticed Menkaure
     5 | D:4      | Noticed a hound
    27 | D:3      | Killed a hound
    28 | D:3      | Reached XP level 2. HP: 11/27 MP: 2/2
    28 | D:3      | Reached XP level 3. HP: 14/33 MP: 3/3
   298 | D:2      | Noticed Robin
   341 | D:2      | Killed Robin
   342 | D:2      | Reached skill level 1 in Evocations
   490 | D:1      | Reached XP level 4. HP: 40/40 MP: 4/4
  1939 | D:3      | Reached XP level 5. HP: 46/46 MP: 5/5
  2114 | D:3      | Found an ornate altar of the Wu Jian Council.
  2166 | D:3      | Noticed Ijyb
  2186 | D:3      | Killed Ijyb
  2281 | D:3      | Noticed Sigmund
  2338 | D:3      | Killed Sigmund
  2339 | D:3      | Reached XP level 6. HP: 21/52 MP: 6/6
  2734 | D:4      | Reached skill level 4 in Fighting
  2747 | D:4      | Noticed a sky beast
  2759 | D:4      | Killed a sky beast
  2760 | D:4      | Reached skill level 5 in Unarmed Combat
  3104 | D:4      | Found a bloodstained altar of Trog.
  3109 | D:4      | Noticed a wizard
  3111 | D:4      | Killed a wizard
  3158 | D:4      | Your scales start taking on a pale cyan-grey colour.
  3158 | D:4      | Reached XP level 7. HP: 55/60 MP: 7/7
  3158 | D:4      | Gained mutation: You are immune to the effects of steam.
                  | [Pale Draconian growth]
  3307 | D:4      | Reached skill level 5 in Fighting
  3916 | D:5      | Killed Menkaure
  4129 | D:5      | Reached skill level 6 in Fighting
  4148 | D:5      | Found a staircase to the Ecumenical Temple.
  4180 | Temple   | Entered the Ecumenical Temple
  4231 | D:5      | Reached XP level 8. HP: 56/71 MP: 8/8
  4260 | D:5      | Noticed Blork the orc
  4268 | D:5      | Killed Blork the orc
  4412 | D:5      | Found a sparkling altar of Nemelex Xobeh.
  4476 | D:5      | Reached skill level 7 in Fighting
  4589 | D:5      | Found a white marble altar of Elyvilon.
  4871 | D:6      | Reached skill level 8 in Fighting
  4975 | D:6      | Reached XP level 9. HP: 82/82 MP: 9/9
  5004 | D:6      | Reached skill level 9 in Fighting
  5141 | D:6      | Reached skill level 10 in Fighting
  5156 | D:6      | Reached skill level 10 in Unarmed Combat
  5241 | D:6      | Noticed Grinder
  5253 | D:6      | Killed Grinder
  5311 | D:6      | Found a snail-covered altar of Cheibriados.
  5428 | D:6      | Got the Compendium of Impurities
  5497 | D:6      | Reached XP level 10. HP: 81/94 MP: 10/10
  5624 | Temple   | Became a worshipper of Ru the Awakened
  5781 | D:7      | Noticed Prince Ribbit
  5794 | D:7      | Killed Prince Ribbit
  5953 | D:7      | Noticed Pikel
  5953 | D:7      | Noticed Maurice
  5987 | D:7      | Killed Pikel
  5988 | D:7      | Reached skill level 5 in Evocations
  5997 | D:7      | Something stole 4 silver javelins
  6007 | D:7      | Maurice stole an amulet of faith
  6011 | D:7      | Killed Maurice
  6012 | D:7      | Reached skill level 11 in Fighting
  6140 | D:7      | Found a transporter.
  6145 | D:7      | Noticed a two-headed ogre
  6145 | D:7      | Noticed IdlyInterested's ghost (novice DsFi)
  6146 | D:7      | Found a bloodstained altar of Trog.
  6147 | D:7      | Noticed a moth of wrath
  6243 | D:7      | Learned a level 3 spell: Fugue of the Fallen
  6328 | D:7      | Found a transporter.
  6430 | D:8      | Found a flagged portal.
  6435 | Bailey   | Entered a bailey
  6469 | Bailey   | Noticed a two-headed ogre
  6479 | Bailey   | Killed a two-headed ogre
  6538 | Bailey   | Identified the +1 rapier "Ozog" {freeze, Int+3}
  6681 | D:8      | Noticed Psyche
  6681 | D:8      | Noticed Grum
  6719 | D:8      | Noticed a boulder beetle
  6722 | D:8      | Killed Grum
  6729 | D:8      | Killed Psyche
  6908 | D:8      | Killed a boulder beetle
  6909 | D:8      | Reached XP level 11. HP: 18/104 MP: 11/11
  6997 | D:8      | Gained mutation: You cannot study or use magical devices.
                  | [Ru sacrifice]
  6997 | D:8      | Reached * piety under Ru
  6997 | D:8      | Reached ** piety under Ru
  7168 | D:8      | Noticed Joseph
  7195 | D:8      | Killed Joseph
  7196 | D:8      | Reached skill level 5 in Dodging
  7524 | D:9      | Found Heduxt's Weapon Shoppe.
  7551 | D:9      | Found Nesoihu's Armour Emporium.
  7585 | D:9      | Bought the +0 pair of gloves of Contentment {rN+ Will+} for
                  | 255 gold pieces
  7609 | D:9      | Noticed a two-headed ogre
  7619 | D:9      | Killed a two-headed ogre
  7648 | D:9      | Found a staircase to the Lair.
  7786 | D:9      | Found an opulent altar of Gozag.
  7792 | D:9      | Found a basalt altar of Yredelemnul.
  7814 | D:9      | Reached skill level 12 in Fighting
  7869 | D:9      | Found Jurob's Antique Weapon Shoppe.
  8263 | D:10     | Entered Level 10 of the Dungeon
  8350 | Lair:1   | Entered Level 1 of the Lair of Beasts
  8885 | Lair:1   | Reached skill level 1 in Shields
  8885 | Lair:1   | Reached skill level 1 in Necromancy
 10164 | Lair:1   | Gained mutation: You are hated by all. [Ru sacrifice]
 10164 | Lair:1   | Reached *** piety under Ru
 10211 | Lair:2   | Reached XP level 12. HP: 97/113 MP: 12/12
 10388 | Lair:2   | Reached skill level 13 in Fighting
 11044 | Lair:2   | Noticed Fannar
 11062 | Lair:2   | Killed Fannar
 11310 | Lair:2   | Found a staircase to the Swamp.
 11310 | Lair:2   | Noticed an eleionoma
 11356 | Lair:2   | Killed an eleionoma
 11777 | Lair:2   | Noticed a death yak
 11778 | Lair:2   | Noticed a death yak
 11780 | Lair:2   | Noticed a death yak
 11794 | Lair:2   | Killed a death yak
 11810 | Lair:2   | Killed a death yak
 11822 | Lair:2   | Killed a death yak
 11823 | Lair:2   | Reached skill level 5 in Shields
 12587 | Lair:3   | Reached skill level 14 in Fighting
 12788 | Lair:3   | Noticed a catoblepas
 12822 | Lair:3   | Killed a catoblepas
 13069 | Lair:3   | Gained mutation: You are weak. (Str -2) [Ru sacrifice]
 13274 | Lair:3   | HP: 5/112 [poisoned by a black mamba]
 13278 | Lair:3   | HP: 2/112 [poisoned by a black mamba]
 13309 | Lair:3   | Noticed Rupert
 13355 | Lair:3   | Noticed Nergalle
 13368 | Lair:3   | Reached XP level 13. HP: 64/117 MP: 13/13
 13378 | Lair:3   | Killed Nergalle
 13609 | Lair:3   | Noticed Nessos
 14058 | Lair:3   | Found a hole to the Spider Nest.
 14612 | Lair:3   | Killed Nessos
 14642 | Lair:3   | Killed Rupert
 14643 | Lair:3   | Reached skill level 15 in Fighting
 15091 | Lair:3   | Reached skill level 1 in Throwing
 16216 | Lair:4   | Gained mutation: You take slightly more damage. (AC -5) [Ru
                  | sacrifice]
 16216 | Lair:4   | Reached **** piety under Ru
 16216 | Lair:4   | Reached ***** piety under Ru
 16683 | Lair:5   | Entered Level 5 of the Lair of Beasts
 16683 | Lair:5   | Noticed an acid blob
 16683 | Lair:5   | Found a runed translucent door.
 16683 | Lair:5   | Found a staircase to the Slime Pits.
 17165 | Lair:5   | Reached skill level 5 in Necromancy
 18042 | Lair:5   | Reached XP level 14. HP: 104/133 MP: 14/14
 18047 | Lair:5   | Found a large runed translucent door.
 18400 | Lair:5   | Found a large runed translucent door.
 19020 | Lair:5   | Identified the +4 arbalest "Alec" {flame, *Slow rN+ Dex+7}
 19103 | Lair:4   | Gained mutation: You are very weak. (Str -4) [Ru sacrifice]
 19216 | D:10     | Noticed Maggie
 19227 | D:10     | Killed Maggie
 19438 | D:10     | Found a shadowy altar of Dithmenos.
 19460 | D:10     | Found a hide-covered altar of Uskayaw.
 19767 | D:10     | Found an ancient bone altar of Kikubaaqudgha.
 20539 | D:11     | Gained mutation: You cannot study or cast Air magic. [Ru
                  | sacrifice]
 20539 | D:11     | Gained mutation: You cannot study or cast Alchemy magic.
                  | [Ru sacrifice]
 20539 | D:11     | Gained mutation: You cannot study or cast Conjurations
                  | magic. [Ru sacrifice]
 20539 | D:11     | Reached ****** piety under Ru
 20874 | D:12     | Found a gate leading to a gauntlet.
 20883 | Gauntlet | Entered a Gauntlet
 20883 | Gauntlet | Found a transporter.
 20896 | Gauntlet | Found a transporter.
 20907 | Gauntlet | Found a transporter.
 20912 | Gauntlet | Found a transporter.
 20929 | Gauntlet | Found a transporter.
 20947 | Gauntlet | Found a transporter.
 20962 | Gauntlet | Found a transporter.
 20967 | Gauntlet | Found the +7 great mace "Firestarter" {flame, immolate,
                  | rFlCloud rF++}
 20971 | Gauntlet | Found a transporter.
 20983 | Gauntlet | Found a transporter.
 20995 | Gauntlet | Found a transporter.
 21012 | Gauntlet | Found a transporter.
 21012 | Gauntlet | Found a transporter.
 21032 | Gauntlet | Found a transporter.
 21052 | Gauntlet | Found a transporter.
 21074 | Gauntlet | Found a transporter.
 21151 | Gauntlet | Found a transporter.
 21176 | Gauntlet | Found a transporter.
 21178 | Gauntlet | Found a transporter.
 21332 | Gauntlet | Paralysed by a hornet for 3 turns
 21371 | Gauntlet | Identified the amulet "Gujudeyf" {Faith rPois SInv}
 21417 | Gauntlet | Identified the amulet "Oliz" {Reflect +Blink rF- rN+ Str+5
                  | SH+5}
 21441 | Gauntlet | Identified the +1 sling of a wizard's laboratory {heavy,
                  | Str+7 Dex-2}
 21702 | D:12     | Found a staircase to the Orcish Mines.
 22416 | Orc:1    | Entered Level 1 of the Orcish Mines
 22726 | Orc:2    | Entered Level 2 of the Orcish Mines
 22729 | Orc:2    | Found Voolleik's General Store.
 22746 | Orc:2    | Reached skill level 16 in Fighting
 22746 | Orc:2    | Reached skill level 10 in Dodging
 22986 | Orc:1    | Reached skill level 5 in Throwing
 23186 | Orc:2    | Reached skill level 1 in Shapeshifting
 23406 | Orc:2    | Bought a potion of haste for 120 gold pieces
 23406 | Orc:2    | Bought a scroll of fog for 48 gold pieces
 23447 | Orc:2    | Found a staircase to the Elven Halls.
 23481 | Orc:2    | Found Cetou's Book Shop.
 23482 | Orc:2    | Noticed an orc warlord
 23496 | Orc:2    | Killed an orc warlord
 23574 | Orc:2    | Found Nifiec's Antique Armour Shoppe.
 23582 | Orc:2    | Bought a pair of embroidered boots for 210 gold pieces
 23614 | Orc:2    | Found Qoanig's Antique Weapon Shoppe.
 23666 | Orc:2    | Noticed Josephine
 23677 | Orc:2    | Killed Josephine
 24184 | Spider:1 | Entered Level 1 of the Spider Nest
 24186 | Spider:1 | Reached XP level 15. HP: 132/133 MP: 15/15
 24572 | Spider:1 | Learned a level 2 spell: Blink
 24611 | Spider:1 | Noticed Nikola
 24628 | Spider:1 | Killed Nikola
 24818 | Spider:1 | You fall into a shaft and drop 1 floor!
 24818 | Spider:2 | Noticed Donald
 24942 | Spider:2 | Noticed Frances
 25110 | Spider:1 | Reached skill level 1 in Translocations
 26082 | D:13     | Found a portal to a secret trove of treasure.
 26371 | D:13     | Found a runed translucent gate.
 26439 | D:13     | Found a runed translucent gate.
 26439 | D:13     | Found a runed translucent gate.
 26440 | D:13     | Noticed Gawasace's ghost (journeyman FoFi)
 26950 | Swamp:1  | Entered Level 1 of the Swamp
 27041 | Swamp:1  | Noticed a thorn hunter
 27069 | Swamp:1  | Killed a thorn hunter
 27495 | Swamp:1  | Killed from afar by a will-o-the-wisp

Illustrated notes

Levels and vault maps discovered:
D:1:      zaba_arrival_water, layout_basic, minmay_pentomino_u4
D:2:      layout_loops_ring, uniq_robin
D:3:      minmay_inner_zag, layout_loops_ring, nzn_wu_jian_contemplation,
          kennysheep_generic_room_6, uniq_sigmund, uniq_ijyb
D:4:      layout_basic, trog_wizard, hangedman_minor_gate_pass
D:5:      layout_rooms, nemelex_diamond_rough_becter,
          nicolae_elyvilon_temple_path, minmay_temple_entry_arrows,
          uniq_menkaure, uniq_blork_the_orc
D:6:      layout_basic, cheibriados_altar_1, uniq_grinder
D:7:      layout_basic, gammafunk_ghost_wrathful_warriors, uniq_maurice,
          uniq_prince_ribbit1, uniq_pikel
D:8:      layout_basic, enter_bailey_1, uniq_psyche, uniq_joseph, uniq_grum
D:9:      layout_rooms, mainiacjoe_overflow_divided_tiny, lair_entry_dummy,
          serial_shops, shop, shop, shop, due_unseen_surprise
D:10:     layout_long_grid, kiku_gazebo_pond_becter,
          mainiacjoe_overflow_small_starburst, pf_just_have_faith,
          nicolae_titane, uniq_maggie
D:11:     layout_cross
D:12:     layout_stronghold, orc_0_dummy, gauntlet_entry_generic,
          minmay_misc_feat_secret_circle
D:13:     layout_loops_ring, enter_trove_2, ebering_ghost_rock_garden
Temple:   minmay_temple_forest_path
Lair:1:   layout_roguey
Lair:2:   layout_cave_pods, alex1729_swamp_entry_worm_eleionoma, basic_altar,
          uniq_fannar
Lair:3:   layout_chaotic_city, hellmonk_spider_entry_not_the_bees,
          chequers_serial_rivers_room_b, minmay_stone_trees_small, st_stairs_3,
          grunt_megastairs_5, serial_bayou_shore_b, uniq_rupert, uniq_nessos,
          uniq_nergalle
Lair:4:   layout_regular_city
Lair:5:   cheibrodos_lair_end_hotspot, layout_regular_city, slime_entry_2
Swamp:1:  layout_basic_swamp, evilmike_swamp_ruin_house_6
Spider:1: layout_spider_delve, uniq_nikola
Spider:2: layout_spider_delve, worms_lemuel, uniq_donald, uniq_frances
Orc:1:    layout_caves
Orc:2:    grunt_orc_gardens, layout_caves, grunt_orc_garden, grunt_orc_garden,
          grunt_orc_garden, grunt_orc_garden, uniq_josephine

Skill      XL: |  1  2  3  4  5  6  7  8  9 10 11 12 13 14 15 |
---------------+----------------------------------------------+-----
Dodging        | 2 4 6 8 9 10 11 | 11.1
Evocations     | 1 2 3 4 6 0 |  0.0
Unarmed Combat | 3 4 5 6 8 10 11 12 13 14 | 14.6
Fighting       | 4 6 8 10 11 12 14 15 16 | 16.5
Shields        | 3 5 7 8 9 |  9.7
Necromancy     | 3 5 6 |  6.1
Throwing       | 3 5 6 |  6.1
Shapeshifting  | 1 4 |  4.7
Translocations | 2 |  2.4
Stealth        | |  4.8

Action                     |  1- 3 |  4- 6 |  7- 9 | 10-12 | 13-15 || total
---------------------------+-------+-------+-------+-------+-------++-------
  Melee: Unarmed           |   105 |   311 |   273 |   850 |  1437 ||  2976
         Tailslap          |    12 |    47 |    35 |   174 |   332 ||   600
         Punch             |     6 |     7 |    22 |    84 |   119 ||   238
  Throw: Boomerang         |       |       |       |     5 |       ||     5
         Dart              |       |       |       |     2 |    10 ||    12
         Throwing net      |       |       |       |       |     2 ||     2
 Invoke: Sacrifice Artific |       |       |       |     1 |       ||     1
         Sacrifice Love    |       |       |       |     1 |       ||     1
         Draw Out Power    |       |       |       |     3 |     4 ||     7
         Sacrifice Purity  |       |       |       |     1 |     1 ||     2
         Apocalypse        |       |       |       |       |     7 ||     7
         Sacrifice Health  |       |       |       |       |     1 ||     1
         Sacrifice Arcana  |       |       |       |       |     1 ||     1
Ability: Breathe Steam     |       |       |    15 |    41 |    56 ||   112
  Evoke: Wand              |       |     1 |     3 |     3 |       ||     7
    Use: Potion            |     1 |       |     1 |     5 |    16 ||    23
         Scroll            |       |     4 |     3 |    13 |    17 ||    37
   Stab: Sleeping          |     3 |    13 |     3 |     5 |    11 ||    35
         Invisible         |       |       |       |     6 |    32 ||    38
         Distracted        |       |       |       |     3 |    10 ||    13
         Petrified         |       |       |       |     2 |       ||     2
         Paralysed         |       |       |       |       |    40 ||    40
         Held in net/web   |       |       |       |       |     2 ||     2
 Armour: Skin              |    71 |   179 |   185 |   590 |   837 ||  1862
  Dodge: Dodged            |    72 |   188 |   153 |   611 |   950 ||  1974
  Block: Kite shield       |       |       |       |       |   249 ||   249

Table legend: (Time is in decaauts)
 A = Elapsed time spent in this place.
 B = Non-inter-level travel time spent in this place.
 C = Inter-level travel time spent in this place.
 D = Time resting spent in this place.
 E = Time spent auto-exploring this place.
 F = Levels seen in this place.
 G = Mean time per level.
                   A        B        C        D        E       F      G
               +--------+--------+--------+--------+--------+-----+--------+
         Total |  27030 |  25754 |   1276 |    114 |  20042 |  26 | 1039.6 |
       Dungeon |  11741 |  11040 |    701 |      4 |   8481 |  13 |  903.2 |
        Temple |     77 |      3 |     74 |      0 |      0 |   1 |   77.0 |
          Lair |  11121 |  10696 |    425 |     82 |   8850 |   5 | 2224.2 |
         Swamp |    481 |    464 |     17 |      2 |    291 |   1 |  481.0 |
   Spider Nest |   1148 |   1127 |     21 |     16 |    751 |   2 |  574.0 |
  Orcish Mines |   1579 |   1542 |     37 |      0 |   1108 |   2 |  789.5 |
        Bailey |    238 |    238 |      0 |     10 |     87 |   1 |  238.0 |
      Gauntlet |    642 |    642 |      0 |      0 |    472 |   1 |  642.0 |
               +--------+--------+--------+--------+--------+-----+--------+

Top non-repeatable levels by time:
  Lair:3: 2838 daAuts
  Lair:2: 2732 daAuts
  Lair:5: 2202 daAuts
  Lair:1: 1854 daAuts
  Lair:4: 1492 daAuts
     D:4: 1248 daAuts
    D:13: 1093 daAuts
    D:12: 1001 daAuts
   Orc:2: 971 daAuts
     D:3: 964 daAuts
    D:10: 914 daAuts
     D:1: 909 daAuts
     D:5: 898 daAuts
Spider:1: 897 daAuts
     D:8: 853 daAuts
